 Dungeon Crawl Stone Soup version 0.28-a0-476-g0f06bd746f (webtiles) character file.

Game seed: 6439263111564789520

4 timneilson the Shield-Bearer (level 1, 0/14 HPs)
             Began as a Gargoyle Fighter on Sept 16, 2021.
             Frozen to death by an endoplasm (2 damage)
             ... on level 1 of the Dungeon.
             The game lasted 00:00:24 (223 turns).

timneilson the Shield-Bearer (Gargoyle Fighter)      Turns: 223, Time: 00:00:24

Health: 0/14       AC:  9    Str: 19    XL:     1   Next: 70%
Magic:  1/1        EV:  9    Int:  8    God:
Gold:   6          SH:  4    Dex:  9    Spells: 0/0 levels left

rFire   . . .      SeeInvis .   a - +0 long sword
rCold   . . .      Faith    .   c - +0 buckler
rNeg    + . .      Spirit   .   b - +0 scale mail
rPois   ∞          Reflect  .   (no helmet)
rElec   +          Harm     .   (no cloak)
rCorr   .          Rampage  .   (no gloves)
Will    .....                   (no boots)
Stlth   ..........              (no amulet)
HPRegen 0.04/turn               (no ring)
MPRegen 0.07/turn               (no ring)

@: no status effects
A: sickness immunity, AC +2, negative energy resistance 1, electricity
resistance, torment resistance 1, petrification resistance
a: no special abilities


You were on level 1 of the Dungeon.
You visited 1 branch of the dungeon, and saw 1 of its levels.

You collected 6 gold pieces.

Inventory:

Hand Weapons
 a - a +0 long sword (weapon)
Armour
 b - a +0 scale mail (worn)
 c - a +0 buckler (worn)
Scrolls
 e - a scroll of brand weapon {unknown}
 f - a scroll of identify {unknown}
 g - a scroll of blinking {unknown}
Potions
 d - a potion of might


   Skills:
 + Level 3.3 Fighting
 * Level 1.9 Long Blades
 * Level 3.3 Armour
 * Level 3.4 Shields


You couldn't memorise any spells.
You didn't know any spells.
Your spell library was empty.

Dungeon Overview and Level Annotations

Branches:
Dungeon (1/15)

Altars:


Innate Abilities, Weirdness & Mutations

You are immune to sickness and miasma.
Your stone body is resilient. (AC +2)
You are immune to poison.
You resist negative energy. (rN+)
You are resistant to electric shocks. (rElec)
You are resistant to unholy torment.
You are immune to petrification.


Message History

e - a scroll labelled QYIDIQA WEBAPE
f - a scroll labelled MIMAYD IN ULAEW
g - a scroll labelled SECORA LUESSAO An endoplasm comes into view.
The endoplasm quivers.
An endoplasm and a kobold come into view.
Found 18 gold pieces.
The endoplasm quivers.
The kobold shouts!
A quokka comes into view.
You slash the kobold!
You kill the kobold!
The quokka bites you but does no damage.
You closely miss the quokka. The endoplasm barely misses you.
The quokka closely misses you.
You miss the quokka.
The quokka bites you but does no damage.
The endoplasm hits you but does no damage.
You block the quokka's attack.
The endoplasm hits you but does no damage.
You block the endoplasm's attack.
Unknown command.
The quokka bites you but does no damage.
The quokka closely misses you.
You closely miss the quokka. You block the quokka's attack.
You slash the quokka!
You kill the quokka!
You completely miss the endoplasm. The endoplasm freezes you.
You are frozen.
The endoplasm freezes you.
You are frozen.
The endoplasm freezes you.
You are frozen.
* * * LOW HITPOINT WARNING * * *
You slash the endoplasm!
You kill the endoplasm!
The endoplasm freezes you.
You are frozen.
You die...

##...#$..##...
##.........#.....
#................
#................
#................
#....)....#... #J.......
##.##J#... ##...@.#
#...############# #...#
##.......##
######.######....<....#####
#.....##...................
####.#####...⌠....##+##....⌠..
#....# #........#...#.......
#.#### #........'8.8+.......
#...# #############'#########


You could see an endoplasm.

Vanquished Creatures
  An endoplasm (D:1)
  A goblin (D:1)
  A kobold (D:1)
  A quokka (D:1)
  A rat (D:1)
5 creatures vanquished.

Notes
Turn   | Place    | Note
-------+----------+-------------------------------------------
     0 | D:1      | timneilson the Gargoyle Fighter began the quest for the
                  | Orb.
     0 | D:1      | Reached XP level 1. HP: 14/14 MP: 1/1
   223 | D:1      | Frozen to death by an endoplasm

Illustrated notes

Levels and vault maps discovered:
D:1:      giann_wishing_wells, layout_rooms

Action                   || total
-------------------------++-------
Melee: Long sword        ||    19
Armor: Scale mail        ||    12
Dodge: Dodged            ||     9
Block: Buckler           ||     8

Table legend: (Time is in decaauts)
 A = Elapsed time spent in this place.
 B = Non-inter-level travel time spent in this place.
 C = Inter-level travel time spent in this place.
 D = Time resting spent in this place.
 E = Time spent auto-exploring this place.
 F = Levels seen in this place.
 G = Mean time per level.
                   A        B        C        D        E       F      G
               +--------+--------+--------+--------+--------+-----+--------+
         Total |    229 |    229 |      0 |      0 |    189 |   1 |  229.0 |
       Dungeon |    229 |    229 |      0 |      0 |    189 |   1 |  229.0 |
               +--------+--------+--------+--------+--------+-----+--------+

Top non-repeatable levels by time:
     D:1: 229 daAuts
